 Dungeon Crawl Stone Soup version 0.18.1-47-g9310371 (webtiles) character file.

249 Gagarin the Gusty (level 6, -5/38 HPs)
             Began as a Halfling Air Elementalist on June 15, 2016.
             Killed from afar by mindo's ghost (6 damage)
             ... with a magic dart
             ... on level 3 of the Dungeon.
             The game lasted 00:18:58 (3795 turns).

Gagarin the Gusty (Halfling Air Elementalist)       Turns: 3795, Time: 00:18:59

Health: -5/38      AC:  2    Str:  8    XL:     6   Next: 34%
Magic:  9/9        EV: 16    Int: 16    God:
Gold:   179        SH:  0    Dex: 15    Spells: 3 memorised, 1 level left

rFire  . . .     SeeInvis .     n - +4 short sword (venom)
rCold  . . .     Gourm    .     a - +0 robe
rNeg   . . .     Faith    .     (shield restricted)
rPois  .         Spirit   .     (no helmet)
rElec  .         Dismiss  .     (no cloak)
rCorr  .         Reflect  .     (no gloves)
SustAt .         Harm     .     (no boots)
MR     .....                    (no amulet)
Stlth  +++.......               (no ring)
                                (no ring)

@: not resistant to hostile enchantments, fairly stealthy
A: mutation resistance 1
a: no special abilities


You were on level 3 of the Dungeon.
You were hungry.

You visited 1 branch of the dungeon, and saw 3 of its levels.

You collected 179 gold pieces.

Inventory:

Hand Weapons
 n - a +4 short sword of venom (weapon)
 o - a +2 hunting sling of flaming
Missiles
 y - 6 sling bullets
Armour
 a - a +0 robe (worn)
Wands
 t - a wand of hasting (4/9)
Scrolls
 e - 2 scrolls of fog
 f - a scroll of noise {unknown}
 h - 3 scrolls of identify {unknown}
 i - 3 scrolls of remove curse {unknown}
 j - 2 scrolls of enchant weapon {unknown}
 l - a scroll of magic mapping {unknown}
 q - a scroll of fear {unknown}
 s - 2 scrolls of immolation {unknown}
 u - a scroll of recharging {unknown}
Potions
 p - a potion of lignification {unknown}
 r - 2 potions of curing {unknown}
 v - 2 potions of haste {unknown}
 w - a potion of mutation {unknown}
 x - a potion of heal wounds {unknown}
Books
 b - a book of Air

   Spells                             Type                      Level
   a - Shock                          Conjuration/Air              1
   b - Swiftness                      Charms/Air                   2
   c - Repel Missiles                 Charms/Air                   2
   d - Static Discharge               Conjuration/Air              3
   e - Lightning Bolt                 Conjuration/Air              5
Comestibles
 c - 2 bread rations
 d - 6 fruits
 g - 3 meat rations


   Skills:
 + Level 1.0 Fighting
 + Level 1.3 Short Blades
 + Level 0.8(0.9) Slings
 + Level 0.2(0.4) Throwing
 + Level 3.6 Dodging
 + Level 3.6 Stealth
 + Level 2.3 Spellcasting
 + Level 1.5 Conjurations
 + Level 4.4 Air Magic


You had one spell level left.
You knew the following spells:

 Your Spells              Type           Power        Failure   Level  Hunger
a - Shock                 Conj/Air       ##..         8%          1    #......
b - Swiftness             Chrm/Air       #.......     14%         2    ###....
c - Lightning Bolt        Conj/Air       ##........   98%         5    ######.


Dungeon Overview and Level Annotations

Branches:
Dungeon (3/15)

Altars:

Annotations:
D:3 mindo's ghost, weakling DECj


Innate Abilities, Weirdness & Mutations

You are small and have problems with some larger weapons.
You are somewhat resistant to further mutation.


Message History

You see here a club.
Mindo's ghost gestures at you while chanting.
The magic dart hits you!
* * * LOW HITPOINT WARNING * * *
Mindo's ghost whispers, "Meet the emptiness of death!"
Drink which item? (? for menu, Esc to quit)
Okay, then.
Saving game... please wait.
Level annotation: mindo's ghost, weakling DECj Welcome back, Gagarin the Halfling Air Elementalist.
Press ? for a list of commands and other information.
Drink which item? (? for menu, Esc to quit)
Okay, then.
Mindo's ghost casts a spell at you. The magic dart hits you!
* * * LOW HITPOINT WARNING * * *
Mindo's ghost is bathed in the radiant lights of Iskenderun.
Mindo's ghost casts a spell at you. The magic dart hits you!
You die...

#..##.# #.# #######.#
### #.####.######.# ####
#.............# ...#
#..#######.####
##.########..# #.#
.............# #.#
(..).......W########.###
.#.########.....@......#
...# ##########.#.# ##..
#.#.########## #..?
#......>).รท... #.###
###.#####..### ..# #.#
#..# #.# #.# #..# #.#
#.# #..# ###.# #..#


You could see mindo's ghost.

Vanquished Creatures
  A vampire bat (D:3)
  Ijyb (D:2)
  3 adders
  A worm (D:3)
  4 dart slugs (D:1)
  3 fire bats (D:3)
  3 giant geckos
  An orc (D:3)
  2 spectral bats (D:3)
  3 bat skeletons (D:3)
  A bat zombie (D:3)
  3 giant cockroaches (D:2)
  10 goblins
  10 hobgoblins
  2 kobolds
  A ball python (D:1)
  14 bats
  A bat simulacrum (D:3)
  5 giant newts
  7 rats
76 creatures vanquished.

Notes
Turn   | Place    | Note
--------------------------------------------------------------
     0 | D:1      | Gagarin the Halfling Air Elementalist began the quest for the Orb.
     0 | D:1      | Reached XP level 1. HP: 11/11 MP: 3/3
   324 | D:1      | Reached XP level 2. HP: 17/17 MP: 1/4
   392 | D:1      | Learned a level 2 spell: Swiftness
  1124 | D:1      | Reached XP level 3. HP: 17/21 MP: 2/5
  1372 | D:1      | Reached skill level 1 in Conjurations
  1797 | D:2      | Reached XP level 4. HP: 17/27 MP: 0/7
  1830 | D:2      | Noticed Ijyb
  2041 | D:2      | Killed Ijyb
  2041 | D:2      | Reached skill level 4 in Air Magic
  2369 | D:2      | Reached XP level 5. HP: 31/31 MP: 4/8
  2976 | D:2      | Learned a level 5 spell: Lightning Bolt
  3387 | D:3      | Reached XP level 6. HP: 37/37 MP: 9/9
  3405 | D:3      | Reached skill level 1 in Fighting
  3405 | D:3      | Reached skill level 1 in Short Blades
  3775 | D:3      | Noticed mindo's ghost (weakling DECj)
  3792 | D:3      | HP: 1/38 [mindo's ghost/magic dart (5)]
  3795 | D:3      | Killed from afar by mindo's ghost

Skill      XL: |  1  2  3  4  5  6 |
---------------+-------------------+-----
Conjurations   | 1 |  1.5
Spellcasting   | 2 |  2.3
Air Magic      | 4 |  4.4
Stealth        | 3 |  3.6
Dodging        | 3 |  3.6
Fighting       | 1 |  1.0
Short Blades   | 1 |  1.3
Slings         | |  0.8
Throwing       | |  0.2

Action                   |  1- 3 |  4- 6 || total
-------------------------+-------+-------++-------
Melee: Hand axe          |     2 |       ||     2
       Unarmed           |     1 |       ||     1
       Short sword       |     1 |    46 ||    47
 Fire: Hunting sling     |       |    32 ||    32
Throw: Stone             |    13 |       ||    13
 Cast: Shock             |    67 |    24 ||    91
  Use: Scroll            |       |     1 ||     1
 Stab: Sleeping          |       |     3 ||     3
  Eat: Chunk             |     4 |     6 ||    10
Armor: Robe              |    18 |    28 ||    46
Dodge: Dodged            |    66 |    79 ||   145
